 Dungeon Crawl Stone Soup version 0.32-a0-931-g5a2cda0630 (webtiles) character file.

Game seed: 9358375300781694146

131494 Pooter the Executioner (level 16, -4/151 HPs)
             Began as a Minotaur Berserker on Apr 11, 2024.
             Was a High Priest of Trog.
             Constricted to death by a naga warrior (5 damage)
             ... on level 3 of the Snake Pit on Apr 14, 2024.
             The game lasted 02:52:53 (34344 turns).

Pooter the Executioner (Minotaur Berserker)        Turns: 34344, Time: 02:52:54

Health: -4/151     AC: 28    Str: 35    XL:     16   Next: 55%
Magic:  16/16      EV: -2    Int:  6    God:    Trog [*****.]
Gold:   265        SH:  9    Dex:  9    Spells: 15/15 levels left

rFire   + . .        a - +4 broad axe (freeze)
rCold   x . .        V - +0 kite shield {AC+3}
rNeg    . . .        q - +4 plate armour {rF+}
rPois   .            (helmet unavailable)
rElec   .            U - +2 cloak
rCorr   .            r - +0 pair of gloves "Lias" {Slay+3}
SInv    .            k - +0 pair of boots {Stlth+}
Will    +....        (no amulet) Stlth
                     P - ring of poison resistance
HPRegen 0.45/turn    Y - +6 ring of strength
MPRegen 0.15/turn

%: no passive effects
@: poison vulnerable, constricted, studying Stealth
A: horns 3, retaliatory headbutt, high MP 1, wild magic 1, cold vulnerability 1
a: Renounce Religion, Berserk, Trog's Hand, Brothers in Arms


You were on level 3 of the Snake Pit.
You worshipped Trog.
Trog was extremely pleased with you.
You visited 4 branches of the dungeon, and saw 25 of its levels.
You visited 1 bazaar.
You also visited: Gauntlet.

You collected 2782 gold pieces.
You spent 2517 gold pieces at shops.

Inventory:

Hand Weapons
 a - a +4 broad axe of freezing (weapon)
   (You bought it in a shop on level 2 of the Orcish Mines)
 b - a -1 heavy hand cannon
   (You bought it in a shop on level 5 of the Dungeon)
 w - a -2 executioner's axe of flaming
   (You bought it in a shop on level 5 of the Dungeon)
Missiles
 j - 3 curare-tipped darts
 n - 8 javelins
 p - 25 boomerangs (quivered)
 F - 2 atropa-tipped darts
 L - 11 silver javelins
Armour
 k - a +0 pair of boots of stealth (worn)
   (You bought it in a shop on level 15 of the Dungeon)
 q - a +4 plate armour of fire resistance (worn)
   (You took it off an orc warrior on level 2 of the Orcish Mines)
 r - the +0 pair of gloves "Lias" (worn) {Slay+3}
   (You bought it in a shop in a bazaar)

   Slay+3:    It affects your accuracy & damage with ranged weapons and melee
   (+3).
 C - a +5 plate armour of cold resistance
   (You found it on level 8 of the Dungeon)
 M - a +0 hat of see invisible
   (You took it off Gastronok on level 1 of the Lair of Beasts)
 U - a +2 cloak (worn)
   (You found it on level 3 of the Lair of Beasts)
 V - a +0 kite shield of protection (worn)
   (You took it off a naga warrior on level 1 of the Snake Pit)
Jewellery
 v - a ring of fire
   (You found it on level 3 of the Dungeon)
 x - the ring of the Heavens {rN+ Dex+6 Stlth+}
   (You bought it in a shop on level 5 of the Dungeon)

   [ring of positive energy]

   Dex+6:     It affects your dexterity (+6).
   rN+:       It protects you from negative energy.
   Stlth+:    It makes you more stealthy.
 A - a +6 ring of intelligence
   (You found it on level 4 of the Dungeon)
 I - the ring "Geoch" {rC+ Will++ Dex+3}
   (You acquired it on level 9 of the Dungeon)

   [ring of protection from cold]

   Dex+3:     It affects your dexterity (+3).
   rC+:       It protects you from cold.
   Will++:    It greatly increases your willpower.
 P - a ring of poison resistance (left hand)
   (You took it off Psyche on level 10 of the Dungeon)
 Y - a +6 ring of strength (right hand)
   (You took it off an orc on level 3 of the Snake Pit)
 Z - the ring "Vakkixic" {Ice Str+7 Slay+3}
   (You found it in a Gauntlet)

   [ring of ice]

   Ice:       It enhances your ice magic.
   Str+7:     It affects your strength (+7).
   Slay+3:    It affects your accuracy & damage with ranged weapons and melee
   (+3).
   rF-:       It makes you vulnerable to fire.
   rC+:       It protects you from cold.
Wands
 d - a wand of iceblast (8)
   (You found it on level 7 of the Dungeon)
 f - a wand of flame (8)
   (You found it on level 4 of the Lair of Beasts)
 u - a wand of paralysis (8)
   (You found it on level 3 of the Dungeon)
 D - a wand of digging (6)
   (You found it on level 10 of the Dungeon)
 J - a wand of quicksilver (3)
   (You found it on level 10 of the Dungeon)
 K - a wand of polymorph (16)
   (You took it off Psyche on level 10 of the Dungeon)
 S - a wand of mindburst (9)
   (You found it on level 2 of the Lair of Beasts)
Scrolls
 e - 2 scrolls of revelation
 i - 4 scrolls of identify {@r1}
 s - 5 scrolls of noise {!r}
 t - 5 scrolls of teleportation {@r4}
 z - 3 scrolls of poison {!r}
 B - 2 scrolls of vulnerability {!r}
 G - a scroll of blinking
 N - 2 scrolls of silence
 R - a scroll of summoning
 X - 5 scrolls of fog
Potions
 c - 3 potions of might
 g - 3 potions of curing {@q1}
 h - 3 potions of enlightenment
 l - 3 potions of ambrosia
 m - a potion of resistance
 o - 5 potions of heal wounds {@q2}
 E - 4 potions of invisibility
 H - 6 potions of haste {@q3}
 O - a potion of attraction {!q}
 T - 2 potions of cancellation
Miscellaneous
 y - a Gell's gravitambourine (1/2)
   (You found it in a Gauntlet)
 Q - a tin of tremorstones (1/2)
   (You found it on level 14 of the Dungeon)


   Skills:
 + Level 15.9 Fighting
 - Level 21.2 Axes
 - Level 18.0 Ranged Weapons
 - Level 2.5 Throwing
 + Level 10.3 Armour
 + Level 3.1 Dodging
 + Level 4.3 Stealth
 + Level 6.9 Shields
 + Level 5.2 Evocations


You had 15 spell levels left.
You didn't know any spells.
Your spell library was empty.

Dungeon Overview and Level Annotations

Branches:
Dungeon (15/15) Zot: 25358  Temple (0/1) D:7            Lair (5/5) D:10 Zot: 20813
  Swamp (0/4) Lair:2        Snake (3/4) Lair:2 Zot: 12834   Slime (0/5) Lair:5
    Orc (2/2) D:9 Zot: 9225     Elf (0/3) Orc:2        Vaults (0/5) D:13
 Depths (0/4) D:15        Gauntlet (visited)

Altars:
Dithmenos
Elyvilon
Fedhas
Hepliaklqana
Kikubaaqudgha
Makhleb
Nemelex Xobeh
Okawaru
Qazlal
Sif Muna
Trog
Uskayaw
Vehumet
Wu Jian
Yredelemnul
The Shining One
Beogh
Jiyva

Shops:
D:5 **   D:15 *[[*   Orc:2 (!::   Snake:2 [:*:

Annotations:
D:6 4 runed translucent doors, Arkalis's ghost, novice DsCK; Crazy Yiuf; SageDae's ghost, novice MDFi; jkt's ghost, novice SpEn
D:13 2 transporters, Kudolal's ghost, journeyman MiMo
D:15 exclusions: obsidian statue and orange crystal statue


Innate Abilities, Weirdness & Mutations

You have a pair of large horns on your head.
You reflexively headbutt those who attack you in melee.
You have an increased reservoir of magic. (+10% MP)
Your spells are a little harder to cast, but a little more powerful.
You are vulnerable to cold. (rC-)


Message History

You freeze the salamander.
You kill the salamander!
Trog accepts your kill.
* * * LOW HITPOINT WARNING * * *
You feel sick.
* * * LOW HITPOINT WARNING * * *
You are more poisoned.
The naga warrior hits you from afar with a +0 halberd.
* * * LOW HITPOINT WARNING * * *
You feel better.
You are poisoned.
The salamander shoots an arrow.
The arrow hits you but does no damage.
The naga warrior hits you but does no damage.
You feel sick.
* * * LOW HITPOINT WARNING * * *
You are more poisoned.
The naga warrior spits poison at you.
The splash of poison hits you but does no damage.
You resist. The naga ritualist barely misses you.
You slice the naga warrior!! You freeze the naga warrior.
You feel sick.
You feel sick.
* * * LOW HITPOINT WARNING * * *
You are more poisoned.
The naga ritualist's toxic aura wanes.
The naga ritualist attacks as it pursues you!
The naga ritualist closely misses you.
The salamander shoots an arrow.
The arrow hits you but does no damage.
You see here a +0 halberd.
You closely miss the naga warrior.
You feel sick.
The naga warrior hits you with a +0 halberd.
* * * LOW HITPOINT WARNING * * *
The naga warrior grabs you. The naga warrior constricts you.
* * * LOW HITPOINT WARNING * * *
The salamander shoots an arrow.
You block the arrow.
The naga ritualist mumbles some strange prayers to its god against you.
You feel yourself grow more vulnerable to poison.
Unknown command.
You feel better. You block the naga warrior's attack.
The naga warrior constricts you.
* * * LOW HITPOINT WARNING * * *
The salamander shoots an arrow.
The arrow hits you but does no damage. The naga ritualist spits poison at you.
The splash of poison hits you!
You are lethally poisoned!
* * * LOW HITPOINT WARNING * * *
You feel better.
The naga warrior hits you with a +0 halberd!
* * * LOW HITPOINT WARNING * * *
The naga warrior constricts you.
You die...

.<, .... , #. ..).
#.### ..).. * ##...##
....## , * ##....##
....#### ## ##.......
#.#...##.####........
#NN....#..#........#
#..@....#..........#
#.).....##........##
##N.......#....##.##
#.#.......##### #..#
#.###......# ###...
#.. ##....^# #.....
#.# ##...## #.....
..# ###.#######....
.. #.#...##.#...


You could see a naga warrior (catching breath), a salamander and a naga
ritualist (strong, catching breath).

Vanquished Creatures
  Vashnia (Snake:2)
  Saint Roka (Snake:2)
  Gastronok (Lair:1)
  An emperor scorpion (D:15)
  A nagaraja (Snake:3)
  Snorg (D:9)
  A minotaur (Gauntlet)
  Fannar (D:11)
  Josephine (D:12)
  2 fire dragons
  Erolcha (Orc:2)
  3 hydras
  A salamander tyrant (Snake:2)
  3 ogre magi
  3 anacondas
  6 centaur warriors
  2 boulder beetles
  6 two-headed ogres
  A tengu warrior (D:14)
  4 naga warriors
  6 death yaks (Lair:5)
  9 naga sharpshooters
  5 shock serpents
  A soul eater (Gauntlet)
  Nergalle (Orc:1)
  4 skysharks
  3 salamander mystics
  2 spriggan druids (Lair:2)
  An orange crystal statue (Snake:2)
  5 mana vipers
  A naga ritualist (Snake:1)
  Pikel (D:7)
  A lindwurm (Lair:5)
  An orc knight (Orc:2)
  4 obsidian bats
  A cyclops (D:14)
  A manticore (shapeshifter) (D:15)
  31 salamanders
  3 manticores
  8 orc sorcerers (Orc:2)
  An oklob plant (Gauntlet)
  6 ugly things
  4 elephants (Lair:2)
  23 black mambas
  An ice statue (Gauntlet)
  3 molten gargoyles (Lair:5)
  2 gargoyles
  12 naga magi
  11 cane toads
  Maggie (Lair:2)
  A cane toad (shapeshifter) (D:13)
  An efreet (D:13)
  An unseen horror (D:10)
  Psyche (D:10)
  2 kobold demonologists
  6 rime drakes
  A tengu conjurer (D:15)
  9 komodo dragons
  2 freezing wraiths (D:14)
  A queen bee (Gauntlet)
  8 trolls
  4 polar bears
  A hornet (shapeshifter) (D:13)
  23 blink frogs
  5 dream sheep (Lair:4)
  Sigmund (D:2)
  4 slime creatures (D:10)
  5 wraiths
  8 wyverns
  3 shadows
  A vampire (D:12)
  62 yaks
  A warg (Orc:2)
  5 basilisks
  3 steam dragons
  7 vampire mosquitoes
  15 nagas
  3 acid dragons
  Menkaure (D:5)
  Edmund (D:6)
  5 hell hounds (Lair:5)
  Duvessa (D:6)
  15 water moccasins
  13 orc warriors
  A sky beast (D:8)
  4 black bears
  An ice beast (D:7)
  17 centaurs
  10 ogres
  15 wolves
  2 lemures (D:7)
  16 bullfrogs
  2 scorpions
  9 wights
  Dowan (D:6)
  15 killer bees
  4 electric eels (D:9)
  3 howler monkeys (D:8)
  8 lava snakes
  3 jellies
  15 orc priests
  6 hounds
  A sleepcap (D:5)
  Jessica (D:2)
  Terence (D:2)
  3 iguanas (D:6)
  43 orc wizards
  A boggart simulacrum (D:15)
  10 gnolls
  5 adders
  A shadow imp (Gauntlet)
  3 white imps
  2 ufetubi (D:5)
  2 dart slugs
  A ribbon worm (D:5)
  89 orcs
  9 ball pythons
  A bat (D:3)
  6 endoplasms
  8 hobgoblins
  5 kobolds
  A quokka (D:5)
  4 frilled lizards
  2 goblins
  5 rats
  A spectral weapon (Lair:2)
751 creatures vanquished.

Vanquished Creatures (others)
  An orc wizard (Orc:2)
1 creature vanquished.

Grand Total: 752 creatures vanquished

Notes
Turn   | Place    | Note
-------+----------+-------------------------------------------
     0 | D:1      | Pooter the Minotaur Berserker began the quest for the Orb.
     0 | D:1      | Reached XP level 1. HP: 19/19 MP: 0/0
   348 | D:1      | Reached XP level 2. HP: 27/27 MP: 1/1
   402 | D:1      | Reached skill level 4 in Axes
   617 | D:1      | Reached skill level 1 in Stealth
   800 | D:2      | Noticed Sigmund
   819 | D:2      | Killed Sigmund
   820 | D:2      | Reached skill level 5 in Axes
   820 | D:2      | Reached XP level 3. HP: 18/34 MP: 2/2
   820 | D:2      | Reached XP level 4. HP: 22/41 MP: 3/3
   820 | D:2      | Reached XP level 5. HP: 25/47 MP: 4/4
  1095 | D:2      | Noticed Jessica
  1098 | D:2      | Killed Jessica
  1100 | D:2      | Found a faded altar of an unknown god.
  1552 | D:2      | Noticed Terence
  1559 | D:2      | Killed Terence
  1560 | D:2      | Reached XP level 6. HP: 53/55 MP: 5/5
  1809 | D:2      | Reached ** piety under Trog
  1955 | D:3      | You fall into a shaft and drop 2 floors!
  1955 | D:5      | Entered Level 5 of the Dungeon
  2070 | D:5      | Reached skill level 6 in Axes
  2073 | D:5      | Found a shadowy altar of Dithmenos.
  2073 | D:5      | Found a white marble altar of Elyvilon.
  2155 | D:5      | Reached skill level 5 in Fighting
  2161 | D:5      | Reached skill level 1 in Throwing
  2245 | D:5      | Reached XP level 7. HP: 59/61 MP: 6/6
  2817 | D:3      | Found an iron altar of Okawaru.
  2891 | D:3      | Found an ancient bone altar of Kikubaaqudgha.
  3021 | D:4      | Reached skill level 7 in Axes
  3026 | D:4      | Reached skill level 1 in Evocations
  3766 | D:5      | Found a hazy altar of Hepliaklqana.
  3771 | D:5      | Found Plog's Assorted Antiques.
  3784 | D:5      | Bought a shimmering lead ring for 150 gold pieces
  3784 | D:5      | Identified the ring of the Heavens {rN+ Dex+6 Stlth+} (You
                  | bought it in a shop on level 5 of the Dungeon)
  3821 | D:5      | Found Mec Tapn's Lightly-Used Armoury.
  3822 | D:5      | Noticed Menkaure
  3852 | D:5      | Killed Menkaure
  3979 | D:5      | Bought a -2 hand cannon for 1 gold piece
  3979 | D:5      | Bought a -2 executioner's axe for 1 gold piece
  4136 | D:5      | Bought a scroll labelled MEITHO HOKUNEI for 30 gold pieces
  4229 | D:5      | Found a sparkling altar of Nemelex Xobeh.
  4349 | D:6      | Reached XP level 8. HP: 70/70 MP: 7/7
  4350 | D:6      | Reached skill level 1 in Ranged Weapons
  4367 | D:6      | Reached skill level 8 in Axes
  4590 | D:5      | Bought a scroll labelled MECRU AGONICW for 30 gold pieces
  4680 | D:6      | Found a runed translucent gate.
  4680 | D:6      | Found a runed translucent gate.
  4680 | D:6      | Found a runed translucent gate.
  4681 | D:6      | Noticed jkt's ghost (novice SpEn)
  4681 | D:6      | Noticed Arkalis's ghost (novice DsCK)
  4682 | D:6      | Noticed SageDae's ghost (novice MDFi)
  4755 | D:6      | Reached *** piety under Trog
  4762 | D:6      | Noticed Duvessa
  4762 | D:6      | Noticed Edmund
  4763 | D:6      | Noticed Dowan
  4771 | D:6      | Killed Edmund
  4774 | D:6      | Killed Duvessa
  4785 | D:6      | Killed Dowan
  4965 | D:6      | Found a bloodstained altar of Trog.
  5040 | D:6      | Reached skill level 9 in Axes
  5149 | D:5      | Bought a scroll labelled MEITHO HOKUNEI for 30 gold pieces
  5204 | D:6      | Found a runed translucent door.
  5205 | D:6      | Noticed Crazy Yiuf
  5299 | D:6      | Found an ornate altar of the Wu Jian Council.
  5662 | D:7      | Found a staircase to the Ecumenical Temple.
  5759 | D:7      | Noticed Pikel
  5772 | D:7      | Killed Pikel
  5773 | D:7      | Reached skill level 10 in Axes
  5773 | D:7      | Reached skill level 5 in Ranged Weapons
  5773 | D:7      | Reached XP level 9. HP: 79/79 MP: 8/8
  5773 | D:7      | Found a shimmering blue altar of Sif Muna.
  5773 | D:7      | Found a stormy altar of Qazlal.
  6512 | D:7      | Found a basalt altar of Yredelemnul.
  6514 | D:7      | Found a burning altar of Makhleb.
  6601 | D:7      | Found a blossoming altar of Fedhas.
  6827 | D:8      | Reached skill level 11 in Axes
  7324 | D:7      | Reached XP level 10. HP: 90/90 MP: 9/9
  7904 | D:9      | Reached skill level 12 in Axes
  8091 | D:9      | Found a staircase to the Orcish Mines.
  9391 | D:9      | Identified a scroll of acquirement
  9391 | D:9      | Acquired the ring "Geoch" {rC+ Will++ Dex+3}
  9670 | D:9      | Found a hide-covered altar of Uskayaw.
  9680 | D:9      | Reached **** piety under Trog
  9733 | D:10     | Entered Level 10 of the Dungeon
  9768 | D:10     | Found a staircase to the Lair.
  9834 | D:10     | Reached skill level 13 in Axes
 10070 | D:10     | Noticed a gargoyle
 10077 | D:10     | Killed a gargoyle
 10078 | D:10     | Reached skill level 10 in Ranged Weapons
 10078 | D:10     | Reached XP level 11. HP: 89/99 MP: 10/10
 10159 | D:10     | Found a radiant altar of Vehumet.
 10224 | D:10     | Reached skill level 10 in Fighting
 10287 | D:10     | Found a glowing golden altar of the Shining One.
 10319 | D:10     | Noticed Psyche
 10330 | D:10     | Killed Psyche
 10641 | Orc:1    | Entered Level 1 of the Orcish Mines
 10645 | Orc:1    | Noticed a two-headed ogre
 10647 | Orc:1    | Noticed Snorg
 10650 | Orc:1    | Noticed a two-headed ogre
 10838 | Lair:1   | Entered Level 1 of the Lair of Beasts
 11123 | Lair:1   | Reached skill level 14 in Axes
 11288 | Lair:1   | Noticed Gastronok
 11315 | Lair:1   | Killed Gastronok
 12205 | Lair:1   | Reached skill level 15 in Axes
 12511 | Lair:2   | Noticed Maggie
 12511 | Lair:2   | Noticed a skyshark
 12519 | Lair:1   | Killed a skyshark
 12520 | Lair:1   | Reached XP level 12. HP: 110/110 MP: 11/11
 12893 | Lair:2   | Killed Maggie
 12903 | Lair:2   | Found a staircase to the Snake Pit.
 13607 | Lair:2   | Reached skill level 16 in Axes
 13981 | Lair:2   | Found a staircase to the Swamp.
 16329 | Lair:4   | Noticed an eight-headed hydra
 16335 | Lair:4   | Killed a six-headed hydra
 16336 | Lair:4   | Reached XP level 13. HP: 110/119 MP: 12/12
 16528 | Lair:4   | Reached skill level 17 in Axes
 17475 | Lair:5   | Entered Level 5 of the Lair of Beasts
 17681 | Lair:5   | Found a gate leading to a gauntlet.
 17701 | Gauntlet | Entered a Gauntlet
 17701 | Gauntlet | Found a transporter.
 17701 | Gauntlet | Found a transporter.
 17701 | Gauntlet | Found a transporter.
 17710 | Gauntlet | Found a transporter.
 17710 | Gauntlet | Found a transporter.
 17783 | Gauntlet | Found a transporter.
 17784 | Gauntlet | Found a transporter.
 17815 | Gauntlet | Found a transporter.
 17876 | Gauntlet | Found a transporter.
 17881 | Gauntlet | Found a transporter.
 18049 | Gauntlet | Identified the ring "Vakkixic" {Ice Str+7 Slay+3}
 18053 | Gauntlet | Found a transporter.
 18062 | Gauntlet | Noticed a minotaur
 18068 | Gauntlet | Killed a minotaur
 18115 | Gauntlet | Identified the +0 robe of the Chupacabra {Int+6 Archmagi}
 18504 | Lair:4   | Reached skill level 15 in Ranged Weapons
 18647 | Lair:5   | Reached skill level 18 in Axes
 18762 | Lair:5   | Found a viscous altar of Jiyva.
 18762 | Lair:5   | Found a staircase to the Slime Pits.
 18843 | Lair:5   | Reached skill level 5 in Armour
 18953 | Lair:5   | Reached XP level 14. HP: 116/129 MP: 13/13
 18979 | Lair:5   | HP: 5/193 [lava snake/glob of lava (8)]
 19632 | Lair:5   | Found a large runed translucent door.
 19633 | Lair:5   | Found a large runed translucent door.
 20178 | D:9      | Killed Snorg
 20835 | Orc:1    | Found a burning altar of Makhleb.
 20964 | Orc:2    | Entered Level 2 of the Orcish Mines
 21053 | Orc:1    | Noticed Nergalle
 21064 | Orc:1    | Killed Nergalle
 21375 | Orc:2    | Reached skill level 19 in Axes
 21562 | Orc:2    | Found a staircase to the Elven Halls.
 21774 | Orc:2    | Found an ancient bone altar of Kikubaaqudgha.
 21790 | Orc:2    | Found Qizomn's Book Shoppe.
 22260 | Orc:2    | Noticed Erolcha
 22270 | Orc:2    | Killed Erolcha
 22280 | Orc:2    | Found a radiant altar of Vehumet.
 22299 | Orc:2    | Found Cetoetwe's Book Emporium.
 22384 | Orc:2    | Found Akaer's Distillery.
 22384 | Orc:2    | Found a roughly hewn altar of Beogh.
 22405 | Orc:2    | Found Medgh's Antique Weapon Emporium.
 22633 | Orc:2    | Bought a potion of haste for 170 gold pieces
 22633 | Orc:2    | Bought a potion of invisibility for 136 gold pieces
 22633 | Orc:2    | Bought a potion of cancellation for 136 gold pieces
 22633 | Orc:2    | Bought a potion of degeneration for 17 gold pieces
 22633 | Orc:2    | Bought a potion of heal wounds for 85 gold pieces
 22633 | Orc:2    | Bought a potion of curing for 51 gold pieces
 23321 | Orc:2    | Bought a runed broad axe for 266 gold pieces
 23530 | D:11     | Noticed Fannar
 23546 | D:11     | Killed Fannar
 23722 | D:11     | Reached skill level 1 in Shields
 24544 | D:12     | Noticed Josephine
 24555 | D:12     | Killed Josephine
 24679 | D:12     | Identified the +1 robe "Xuucu" {Str+4}
 24932 | D:13     | Reached XP level 15. HP: 129/139 MP: 14/14
 25063 | D:13     | Found a gate to the Vaults.
 25191 | D:13     | Noticed Kudolal's ghost (journeyman MiMo)
 25202 | D:13     | Found a transporter.
 25697 | D:13     | Found a transporter.
 26738 | D:14     | Reached skill level 20 in Axes
 26968 | D:14     | Found a bloodstained altar of Trog.
 27314 | D:14     | Upgraded the game from 0.32-a0-918-g0f22ef8d61 to
                  | 0.32-a0-928-g1cae6b7ea0
 27351 | D:15     | Entered Level 15 of the Dungeon
 27351 | D:15     | Found Ellimeh's Antique Armour Boutique.
 27361 | D:15     | Bought a pair of runed boots for 247 gold pieces
 27372 | D:15     | Bought a glowing buckler for 247 gold pieces
 28006 | D:15     | Found a staircase to the Depths.
 28009 | D:15     | Noticed an emperor scorpion
 28024 | D:15     | Killed an emperor scorpion
 28270 | D:15     | Found Tit Louck's Assorted Antiques.
 28275 | D:15     | Bought a potion of heal wounds for 150 gold pieces
 28306 | D:15     | Found Zeboask's Antique Armour Emporium.
 28651 | D:15     | Found Solumy's Assorted Antiques.
 28664 | D:15     | Bought a scroll of identify for 58 gold pieces
 28664 | D:15     | Bought a scroll of blinking for 217 gold pieces
 28664 | D:15     | Bought a potion of heal wounds for 145 gold pieces
 28669 | D:15     | Upgraded the game from 0.32-a0-928-g1cae6b7ea0 to
                  | 0.32-a0-931-g5a2cda0630
 28803 | Snake:1  | Entered Level 1 of the Snake Pit
 29527 | Snake:1  | Reached skill level 15 in Fighting
 31447 | Snake:2  | Found Qiumouce's Assorted Antiques.
 31461 | Snake:2  | Reached skill level 5 in Shields
 31469 | Snake:2  | HP: 6/141 [poisoned by a naga sharpshooter (splash of
                  | poison)]
 31474 | Snake:2  | Found Kamisi's Antique Armour Boutique.
 31482 | Snake:2  | Found Kocza's Book Emporium.
 31488 | Snake:2  | HP: 7/141 [salamander/+4 antimagic trident (13)]
 31873 | Snake:2  | Noticed Saint Roka
 31893 | Snake:2  | Killed Saint Roka
 31894 | Snake:2  | Reached XP level 16. HP: 149/149 MP: 15/15
 31898 | Snake:2  | Found a flickering gateway to a bazaar.
 31916 | Bazaar   | Entered a bazaar
 32011 | Bazaar   | Found Xazxiq's Antique Weapon Emporium.
 32027 | Bazaar   | Found Tyeckoc's Weapon Shoppe.
 32043 | Bazaar   | Found Suqir's Armour Shoppe.
 32054 | Bazaar   | Bought the +0 pair of gloves "Lias" {Slay+3} for 241 gold
                  | pieces
 32140 | Snake:2  | Bought 2 puce potions for 73 gold pieces
 32140 | Snake:2  | Bought an amethyst potion for 36 gold pieces
 32158 | Snake:2  | Noticed Vashnia
 32185 | Snake:2  | Killed Vashnia
 32636 | Snake:2  | Reached ***** piety under Trog
 32637 | Snake:2  | Reached skill level 21 in Axes
 32967 | Snake:2  | Reached skill level 10 in Armour
 33349 | Snake:2  | Found Ymmoef Sekue's Book Boutique.
 33695 | Snake:3  | Received a gift from Trog
 33831 | Snake:3  | Reached skill level 5 in Evocations
 34032 | Snake:3  | Found a sparkling altar of Nemelex Xobeh.
 34293 | Snake:3  | Gained mutation: You occasionally lose the ability to read
                  | scrolls when taking damage. [potion of mutation]
 34293 | Snake:3  | Gained mutation: You occasionally lose the ability to drink
                  | potions when taking damage. [potion of mutation]
 34293 | Snake:3  | Gained mutation: You sometimes lose the ability to drink
                  | potions when taking damage. [potion of mutation]
 34294 | Snake:3  | Lost mutation: You sometimes lose the ability to drink
                  | potions when taking damage. [potion of mutation]
 34294 | Snake:3  | Lost mutation: You occasionally lose the ability to read
                  | scrolls when taking damage. [potion of mutation]
 34294 | Snake:3  | Gained mutation: You are dopey. (Int -2) [potion of
                  | mutation]
 34294 | Snake:3  | Gained mutation: You are somewhat resistant to further
                  | mutation. [potion of mutation]
 34295 | Snake:3  | Lost mutation: You are dopey. (Int -2) [potion of mutation]
 34295 | Snake:3  | Lost mutation: You are somewhat resistant to further
                  | mutation. [potion of mutation]
 34295 | Snake:3  | Lost mutation: You occasionally lose the ability to drink
                  | potions when taking damage. [potion of mutation]
 34295 | Snake:3  | Gained mutation: You sometimes lose your temper in combat.
                  | [potion of mutation]
 34295 | Snake:3  | Gained mutation: Armour fits poorly on your strangely
                  | shaped body. [potion of mutation]
 34295 | Snake:3  | Gained mutation: You passively map a small area around you.
                  | [potion of mutation]
 34296 | Snake:3  | Lost mutation: Armour fits poorly on your strangely shaped
                  | body. [potion of mutation]
 34296 | Snake:3  | Lost mutation: You sometimes lose your temper in combat.
                  | [potion of mutation]
 34296 | Snake:3  | Lost mutation: You passively map a small area around you.
                  | [potion of mutation]
 34296 | Snake:3  | Gained mutation: You are vulnerable to cold. (rC-) [potion
                  | of mutation]
 34296 | Snake:3  | Gained mutation: Your spells are a little harder to cast,
                  | but a little more powerful. [potion of mutation]
 34296 | Snake:3  | Gained mutation: You have an increased reservoir of magic.
                  | (+10% MP) [potion of mutation]
 34296 | Snake:3  | Gained mutation: You have a pair of large horns on your
                  | head. [potion of mutation]
 34337 | Snake:3  | HP: 6/151 [poisoned by a naga ritualist (toxic radiance)]
 34337 | Snake:3  | HP: 2/151 [naga warrior/+0 halberd (3)]
 34342 | Snake:3  | HP: 7/151 [naga warrior/+0 halberd (1)]
 34342 | Snake:3  | HP: 1/151 [constriction (6)]
 34344 | Snake:3  | Constricted to death by a naga warrior

Illustrated notes

Levels and vault maps discovered:
D:1:      matt_arrival_debris, layout_loops_corners
D:2:      layout_loops_corners, shapermc_ecumenical_altar_gd,
          kennysheep_cross_room, uniq_sigmund, uniq_jessica, uniq_terence
D:3:      layout_rooms, lemuel_doored_altar, general_overflow_altar
D:4:      layout_basic, hex_tiny
D:5:      layout_basic, nemelex_diamond_rough_becter,
          mainiacjoe_overflow_tiny_flanked, nicolae_overflow_two_pavilions,
          serial_shops, shop, minmay_shop_damaged, serial_park_tiny_1,
          uniq_menkaure
D:6:      layout_loops_ring, mainiacjoe_overflow_alcove_2,
          mainiacjoe_overflow_six_doors_small, gammafunk_ghost_cemetery,
          uniq_duvessa, uniq_crazy_yiuf_cottage, uniq_edmund
D:7:      layout_rooms, fedhas_altar_4,
          chequers_temple_overflow_statue_of_worship,
          gammafunk_temple_overflow_pools, minmay_temple_entry_sparse_star,
          uniq_pikel
D:8:      layout_basic
D:9:      layout_basic, lemuel_tele_altar, hiddenorc2_lemuel
D:10:     layout_irregular_city, mainiacjoe_overflow_surrounded_room,
          mainiacjoe_overflow_brackets, dpeg_oklobed_lair, uniq_psyche
D:11:     layout_irregular_city, uniq_fannar
D:12:     layout_rooms, uniq_josephine
D:13:     layout_loops_corners, david_vaults_2, gammafunk_ghost_stat_death
D:14:     layout_long_grid, bloody_trog
D:15:     hangedman_depths_entry_try_elsewhere_first, layout_long_grid,
          serial_shops, shop, shop, nicolae_shop_tiny_real_fake_doors, shop,
          minmay_more_statues
Lair:1:   layout_gridlike, beast_lair_carwin_5, uniq_gastronok
Lair:2:   layout_misc_corridors, mainiacjoe_swamp_entry_angry_trees,
          dummy_snake_entry, grunt_megastairs_1, uniq_maggie
Lair:3:   layout_hall_layers
Lair:4:   layout_regular_city, lemuel_fruit_fields, grunt_megastairs_3
Lair:5:   cheibrodos_lair_end_hotspot, layout_loops_ring, slime_entry_1,
          gauntlet_entry_generic
Snake:1:  layout_chambers, nicolae_integral_box
Snake:2:  layout_misc_corridors, serial_shops, statue_bzr, shop, shop, shop,
          shop, nicolae_snake_salamander_zone, uniq_saint_roka, uniq_vashnia
Snake:3:  layout_chambers, basic_altar, serial_library_hellmonk_junction
Orc:1:    layout_caves, bloody_makhleb, uniq_nergalle, uniq_snorg
Orc:2:    kennysheep_orc_mage_school, layout_caves

Skill      XL: |  1  2  3  4  5  6  7  8  9 10 11 12 13 14 15 16 |
---------------+-------------------------------------------------+-----
Axes           | 5 6 7 10 11 13 15 16 18 19 20 21 | 21.2
Stealth        | 2 3 4 |  4.3
Fighting       | 4 5 6 7 8 9 11 12 13 14 15 | 15.9
Throwing       | 2 |  2.5
Evocations     | 2 4 5 |  5.2
Ranged Weapons | 5 7 10 12 14 15 16 18 | 18.0
Armour         | 5 7 9 10 | 10.3
Shields        | 2 5 6 |  6.9
Dodging        | 3 |  3.1

Action                     |  1- 3 |  4- 6 |  7- 9 | 10-12 | 13-15 | 16-18 || total
---------------------------+-------+-------+-------+-------+-------+-------++-------
  Melee: Hand axe          |    42 |       |       |       |       |       ||    42
         Headbutt          |     6 |     4 |    35 |    81 |   160 |    42 ||   328
         Halberd           |       |    47 |       |       |       |       ||    47
         War axe           |       |    17 |       |       |       |       ||    17
         Battleaxe         |       |     1 |    61 |       |       |       ||    62
         Executioner's axe |       |       |   127 |   435 |   400 |       ||   962
         Broad axe         |       |       |       |       |   297 |   147 ||   444
         Flail             |       |       |       |       |    22 |       ||    22
   Fire: Hand cannon       |       |       |    61 |   133 |   255 |    45 ||   494
  Throw: Stone             |       |       |     2 |     1 |     1 |       ||     4
         Boomerang         |       |       |       |       |    10 |       ||    10
 Invoke: Berserk           |     1 |     2 |     7 |    18 |    21 |     2 ||    51
         Trog's Hand       |       |       |     8 |    16 |    43 |     2 ||    69
  Evoke: Wand              |       |       |     1 |     5 |    15 |       ||    21
         Gell's gravitambo |       |       |       |       |     4 |       ||     4
         Tin of tremorston |       |       |       |       |     2 |       ||     2
    Use: Scroll            |       |       |    11 |    10 |    16 |     5 ||    42
         Potion            |       |       |       |       |     9 |     7 ||    16
   Stab: Sleeping          |     1 |     4 |       |       |       |       ||     5
         Paralysed         |       |       |     2 |     2 |     2 |       ||     6
 Armour: Animal skin       |    26 |       |       |       |       |       ||    26
         Robe              |       |    15 |       |       |       |       ||    15
         Ring mail         |       |    23 |     6 |       |       |       ||    29
         Chain mail        |       |       |   221 |       |       |       ||   221
         Plate armour      |       |       |    17 |   723 |  1124 |   216 ||  2080
  Dodge: Dodged            |    19 |    23 |   138 |   224 |   330 |    57 ||   791
  Block: Kite shield       |       |       |       |       |   107 |   106 ||   213
         Buckler           |       |       |       |       |    53 |       ||    53

Table legend: (Time is in decaauts)
 A = Elapsed time spent in this place.
 B = Non-inter-level travel time spent in this place.
 C = Inter-level travel time spent in this place.
 D = Time resting spent in this place.
 E = Time spent auto-exploring this place.
 F = Levels seen in this place.
 G = Mean time per level.
                   A        B        C        D        E       F      G
               +--------+--------+--------+--------+--------+-----+--------+
         Total |  35235 |  33092 |   2143 |  11459 |  15798 |  27 | 1305.0 |
       Dungeon |  17478 |  16123 |   1355 |   5045 |   8536 |  15 | 1165.2 |
          Lair |   9186 |   8793 |    393 |   3523 |   3771 |   5 | 1837.2 |
     Snake Pit |   5164 |   5080 |     84 |   1637 |   2653 |   3 | 1721.3 |
  Orcish Mines |   2774 |   2464 |    310 |    898 |    745 |   2 | 1387.0 |
        Bazaar |    169 |    169 |      0 |     64 |     77 |   1 |  169.0 |
      Gauntlet |    461 |    461 |      0 |    290 |     16 |   1 |  461.0 |
               +--------+--------+--------+--------+--------+-----+--------+

Top non-repeatable levels by time:
 Snake:1: 3060 daAuts
     D:9: 2325 daAuts
   Orc:2: 2127 daAuts
  Lair:1: 2012 daAuts
  Lair:3: 1982 daAuts
  Lair:5: 1863 daAuts
  Lair:4: 1750 daAuts
    D:14: 1710 daAuts
  Lair:2: 1576 daAuts
     D:7: 1448 daAuts
     D:5: 1434 daAuts
     D:6: 1296 daAuts
    D:13: 1277 daAuts
 Snake:2: 1216 daAuts
     D:2: 1158 daAuts
